 Dungeon Crawl Stone Soup version 0.22.0 (webtiles) character file.

6857 Blackhawk the Blocker (level 11, -10/90 HPs)
             Began as a Formicid Fighter on Oct 26, 2018.
             Was a Believer of Makhleb.
             Mangled by a two-headed ogre
             ... wielding a +0 giant spiked club
              (19 damage)
             ... on level 9 of the Dungeon.
             The game lasted 00:38:46 (10659 turns).

Blackhawk the Blocker (Formicid Fighter)           Turns: 10659, Time: 00:38:46

Health: -10/90     AC: 10    Str: 25    XL:     11   Next: 26%
Magic:  12/12      EV:  8    Int:  7    God:    Makhleb [**....]
Gold:   472        SH: 12    Dex: 10    Spells: 10/10 levels left

rFire    + . .     SeeInvis +   L - +2 scimitar (flame)
rCold    . . .     Gourm    .   c - +0 shield
rNeg     . . .     Faith    .   H - +2 chain mail {rPois}
rPois    +         Spirit   .   (helmet unavailable)
rElec    .         Reflect  .   (no cloak)
rCorr    .         Harm     .   j - +0 pair of gloves
MR       +....     Clarity  +   (no boots)
Stlth    ..........             (no amulet)
HPRegen  0.25/turn              v - ring of protection from fire
MPRegen  0.13/turn              e - ring of teleportation (curse)

@: no status effects
A: permanent stasis, dig shafts and tunnels, four strong arms, antennae 3,
clarity, deformed body, evolution 1
a: Dig, Shaft Self, Minor Destruction, Renounce Religion


You were on level 9 of the Dungeon.
You worshipped Makhleb.
Makhleb was pleased with you.
You were not hungry.

You visited 2 branches of the dungeon, and saw 10 of its levels.

You collected 472 gold pieces.

Inventory:

Hand Weapons
 a - a +0 flail
 L - a +2 scimitar of flaming (weapon)
Missiles
 k - 188 stones (quivered)
 n - 80 sling bullets
Armour
 c - a +0 shield (worn)
 j - a +0 pair of gloves (worn)
 t - a +0 troll leather armour
 H - a +2 chain mail of poison resistance (worn)
Magical Staves
 B - an uncursed staff of air
 D - an uncursed staff of fire
Jewellery
 e - a cursed ring of teleportation (right hand)
 v - a ring of protection from fire (left hand)
 J - an uncursed ring of attention
Wands
 F - a wand of flame (17)
 G - a wand of polymorph (17)
 K - a wand of acid (10)
Scrolls
 b - a scroll of identify
 h - 3 scrolls of remove curse
 i - a scroll of noise {unknown}
 p - a scroll of magic mapping
 q - a scroll of random uselessness {unknown}
 u - 3 scrolls of enchant armour
 x - 2 scrolls of immolation {unknown}
 y - a scroll of fear {unknown}
 z - a scroll of enchant weapon {unknown}
Potions
 d - a potion of might
 l - 3 potions of curing
 m - a potion of brilliance
 o - 3 potions of agility
 r - a potion of cancellation
 w - 4 potions of heal wounds
 A - 2 potions of magic
 C - a potion of resistance
Comestibles
 f - 16 rations
 g - 3 chunks of flesh


   Skills:
 + Level 9.7 Fighting
 + Level 0.1 Long Blades
 - Level 8.5 Maces & Flails
 + Level 9.6 Armour
 + Level 10.4 Shields
 + Level 1.7 Invocations


You had 10 spell levels left.
You didn't know any spells.
Your spell library contained the following spells:

 Spells                   Type           Power        Failure   Level  Hunger
 Magic Dart               Conj           #...         93%         1    ##.....
 Venom Bolt               Conj/Pois      #.........   100%        5    ######.
 Iskenderun's Mystic Bla  Conj           #.......     100%        4    #####..
 Animate Dead             Necr           N/A          100%        4    #####..
 Pain                     Necr           #...         93%         1    ##.....
 Sublimation of Blood     Necr           #.........   98%         2    ###....
 Summon Demon             Summ           #.........   100%        5    ######.
 Recall                   Summ/Tloc      N/A          100%        3    ####...
 Shadow Creatures         Summ           N/A          100%        6    #######
 Aura of Abjuration       Summ           #.........   100%        5    ######.
 Fulminant Prism          Conj/Hex       #.........   100%        4    #####..
 Dazzling Spray           Conj/Hex       #.....       100%        3    ####...
 Force Lance              Conj/Tloc      #.......     100%        4    #####..
 Searing Ray              Conj           #.....       98%         2    ###....
 Summon Forest            Summ/Tloc      #.........   100%        5    ######.
 Summon Mana Viper        Hex/Summ       #.......     100%        5    ######.


Dungeon Overview and Level Annotations

Branches:
Dungeon (9/15)             Temple (1/1) D:7
   Lair: D:8-11         Orc: D:9-12

Altars:
Ashenzari
Cheibriados
Dithmenos
Elyvilon
Fedhas
Gozag
Hepliaklqana
Kikubaaqudgha
Makhleb
Nemelex Xobeh
Okawaru
Qazlal
Ru
Sif Muna
Trog
Uskayaw
Vehumet
Wu Jian
Xom
Yredelemnul
Zin
The Shining One

Shops:
D:4 :   D:5 *   D:6 [[%

Annotations:
D:8 1 runed door


Innate Abilities, Weirdness & Mutations

You cannot be hasted, slowed, berserked, paralysed or teleported.
You can dig through walls and to a lower floor.
Your four strong arms can wield two-handed weapons with a shield.
You have a pair of large antennae on your head. (SInv)
You possess an exceptional clarity of mind.
Armour fits poorly on your strangely shaped body.
You evolve.


Message History

You slash the two-headed ogre! You burn the two-headed ogre.
The two-headed ogre is moderately wounded.
The two-headed ogre hits you with a giant spiked club! x2
You slice the two-headed ogre!! You burn the two-headed ogre.
The two-headed ogre is almost dead.
You block the two-headed ogre's attack. The two-headed ogre barely misses you.
You hit the two-headed ogre. You burn the two-headed ogre.
The two-headed ogre is almost dead.
The two-headed ogre hits you with a giant spiked club! x2
* * * LOW HITPOINT WARNING * * *
You barely miss the two-headed ogre.
The two-headed ogre is almost dead.
The two-headed ogre hits you with a giant spiked club!
* * * LOW HITPOINT WARNING * * *
You block the two-headed ogre's attack.
You hit the two-headed ogre. You burn the two-headed ogre.
The two-headed ogre is almost dead.
You block the two-headed ogre's attack.
The two-headed ogre hits you with a giant spiked club!!
You die...

...## .$..## .....##
......## .......##
........## .........##
..........## ###
...........## #@##
............## ##O#
.#...........###.#########
###......O....###........#
#.............##....#...#
..$.............#...#.#..#
...................#._.#.#
....................#.#..##
.....................#....#


You could see a two-headed ogre.

Vanquished Creatures
  Erica (D:8)
  Pikel (D:6)
  3 trolls
  2 hippogriffs
  Prince Ribbit (D:8)
  A wyvern (D:8)
  Grum (D:7)
  Menkaure (D:7)
  2 water moccasins
  An orc warrior (D:5)
  A phantom (D:8)
  A sky beast (D:9)
  A black bear (D:9)
  3 ice beasts
  4 necrophages
  5 ogres
  2 wolves (D:7)
  4 centaurs
  An eye of draining (D:8)
  A big kobold (D:8)
  5 bullfrogs
  A scorpion (D:9)
  2 vampire bats (D:2)
  4 crimson imps
  4 hounds
  2 jellies
  2 centaur zombies
  6 orc priests
  2 bullfrog skeletons
  11 orc wizards
  4 worker ants
  A killer bee zombie (D:8)
  3 hound skeletons
  3 worker ant zombies
  6 gnolls
  9 adders
  A river rat (D:3)
  3 shadow imps
  2 adder zombies
  5 worms
  A dart slug (D:2)
  4 leopard geckos
  36 orcs
  2 bat skeletons (D:2)
  4 bat zombies (D:2)
  5 giant cockroaches
  8 goblins
  4 hobgoblins
  13 jackals
  10 kobolds
  4 quokkas
  4 ball pythons
  7 bats
  9 frilled lizards
  A jackal zombie (D:6)
  A leopard gecko skeleton (D:6)
  7 rats
233 creatures vanquished.

Vanquished Creatures (others)
  3 slaves (D:6)
  A jelly (D:6)
  A centaur skeleton (D:6)
  An orc wizard (D:6)
  A worker ant (D:6)
  A worker ant zombie (D:6)
  A leopard gecko (D:6)
9 creatures vanquished.

Grand Total: 242 creatures vanquished

Notes
Turn   | Place    | Note
-------+----------+-------------------------------------------
     0 | D:1      | Blackhawk the Formicid Fighter began the quest for the Orb.
     0 | D:1      | Reached XP level 1. HP: 18/18 MP: 1/1
   164 | D:1      | Reached XP level 2. HP: 21/24 MP: 2/2
   483 | D:1      | Reached skill level 4 in Shields
   504 | D:1      | Reached XP level 3. HP: 27/29 MP: 3/3
  1171 | D:2      | Reached XP level 4. HP: 21/37 MP: 4/4
  1650 | D:2      | Reached XP level 5. HP: 36/42 MP: 5/5
  1719 | D:2      | Found an opulent altar of Gozag.
  1924 | D:2      | Found an ancient bone altar of Kikubaaqudgha.
  1948 | D:2      | Reached XP level 6. HP: 49/49 MP: 6/6
  2164 | D:2      | Reached skill level 5 in Shields
  2494 | D:3      | Found a faded altar of an unknown god.
  2925 | D:3      | Reached XP level 7. HP: 54/55 MP: 7/7
  2940 | D:3      | Reached skill level 5 in Fighting
  3041 | D:3      | Reached skill level 5 in Armour
  3519 | D:4      | Found Siwasid's Book Shop.
  3767 | D:5      | Entered Level 5 of the Dungeon
  3844 | D:5      | Found a shadowy altar of Dithmenos.
  3864 | D:5      | Found a deep blue altar of Sif Muna.
  3900 | D:5      | Identified Wuanicab's Grimoire of Damaging Stolen Souls
  3983 | D:5      | Found Zin's Purification Station.
  3987 | D:5      | Found a glowing silver altar of Zin.
  4132 | D:5      | Reached skill level 6 in Shields
  4281 | D:5      | Reached XP level 8. HP: 63/63 MP: 8/8
  4745 | D:5      | Found a radiant altar of Vehumet.
  4745 | D:5      | Found a burning altar of Makhleb.
  4746 | D:5      | Found a snail-covered altar of Cheibriados.
  4837 | D:5      | Reached skill level 5 in Maces & Flails
  5039 | D:6      | Noticed Pikel
  5082 | D:6      | Killed Pikel
  5082 | D:6      | Reached skill level 7 in Shields
  5082 | D:6      | Reached XP level 9. HP: 41/71 MP: 9/9
  5407 | D:6      | Found a shattered altar of Ashenzari.
  5487 | D:6      | Found Yciweisuo's Food Shop.
  5493 | D:6      | Found Weif's Armour Shoppe.
  5599 | D:6      | Reached skill level 8 in Shields
  5733 | D:6      | Found a blossoming altar of Fedhas.
  5793 | D:6      | Found Gaduer's Armour Shop.
  6484 | D:7      | Found a staircase to the Ecumenical Temple.
  6540 | Temple   | Entered the Ecumenical Temple
  6811 | D:5      | Became a worshipper of Makhleb the Destroyer
  7209 | D:7      | Found a white marble altar of Elyvilon.
  7288 | D:7      | Noticed Menkaure
  7289 | D:7      | Noticed a hippogriff
  7303 | D:7      | Killed Menkaure
  7303 | D:7      | Reached XP level 10. HP: 37/80 MP: 10/10
  7317 | D:7      | Reached * piety under Makhleb
  7599 | D:8      | Found a runed door.
  7614 | D:8      | Reached skill level 9 in Shields
  7987 | D:8      | Noticed Grum
  8265 | D:7      | Killed Grum
  8643 | D:8      | Found a runed door.
  8728 | D:8      | Found a shimmering altar of Xom.
  8800 | D:8      | Noticed Prince Ribbit
  9079 | D:8      | Killed Prince Ribbit
  9181 | D:8      | Reached ** piety under Makhleb
  9277 | D:8      | Noticed Erica
  9301 | D:8      | Killed Erica
  9301 | D:8      | Reached skill level 10 in Shields
  9301 | D:8      | Reached XP level 11. HP: 38/89 MP: 11/11
  9792 | D:9      | Gained mutation: Armour fits poorly on your strangely shaped body. [potion of mutation]
  9792 | D:9      | Gained mutation: You evolve. [potion of mutation]
 10061 | D:9      | Reached skill level 1 in Invocations
 10571 | D:9      | Found an iron altar of Okawaru.
 10627 | D:9      | Noticed a two-headed ogre
 10648 | D:9      | Gained mutation: You possess an exceptional clarity of mind. [evolution]
 10659 | D:9      | Mangled by a two-headed ogre

Skill      XL: |  1  2  3  4  5  6  7  8  9 10 11 |
---------------+----------------------------------+-----
Shields        | 4 5 6 7 8 10 | 10.4
Fighting       | 4 5 6 7 9 |  9.7
Armour         | 4 5 6 7 9 |  9.6
Maces & Flails | 3 4 5 6 8 |  8.5
Invocations    | 1 |  1.7
Long Blades    | |  0.1

Action                   |  1- 3 |  4- 6 |  7- 9 | 10-12 || total
-------------------------+-------+-------+-------+-------++-------
Melee: Flail             |   154 |   166 |   472 |   353 ||  1145
       Scimitar          |       |       |       |    62 ||    62
 Abil: Dig               |     2 |     1 |    12 |     4 ||    19
Evoke: Wand              |       |       |     1 |       ||     1
  Use: Scroll            |       |       |    15 |     2 ||    17
       Potion            |       |       |       |     2 ||     2
 Stab: Distracted        |     1 |       |       |       ||     1
  Eat: Chunk             |     2 |     6 |    13 |    12 ||    33
       Ration            |       |       |     1 |       ||     1
Armor: Scale mail        |    65 |    85 |    16 |       ||   166
       Chain mail        |       |       |   159 |   167 ||   326
Dodge: Dodged            |    51 |    74 |   128 |   118 ||   371
Block: Shield            |    87 |   110 |   221 |   285 ||   703
       Rpst.: Scimitar   |       |       |       |     3 ||     3
